 Dungeon Crawl Stone Soup version 0.25-a0-578-gc91f01c39c (webtiles) character file.

Game seed: 7025484096041509547, levelgen mode: deterministic

11515 Lugonue the Thaumaturge (level 11, -17/54 HPs)
             Began as a Felid Venom Mage on Mar 6, 2020.
             Was an Elder of Sif Muna.
             Killed from afar by an ice dragon (40 damage)
             ... with a blast of cold
             ... on level 2 of the Lair of Beasts.
             The game lasted 00:47:15 (17841 turns).

Lugonue the Thaumaturge (Felid Venom Mage)         Turns: 17841, Time: 00:47:16

Health: -17/54     AC:  9    Str:  4    XL:     11   Next: 50%
Magic:  9/26       EV: 15    Int: 24    God:    Sif Muna [****..]
Gold:   2943       SH:  0    Dex: 16    Spells: 7/37 levels left
                                        Lives:  0   Deaths: 2

rFire    . . .     SeeInvis +     - Unarmed
rCold    . . .     Gourm    .   (shield unavailable)
rNeg     . . .     Faith    +   (armour unavailable)
rPois    +         Spirit   .   (helmet unavailable)
rElec    .         Reflect  .   (cloak unavailable)
rCorr    .         Harm     .   (gloves unavailable)
MR       +....                  (boots unavailable)
Stlth    +++.......             p - amulet of faith
HPRegen  0.18/turn              y - ring of poison resistance
MPRegen  0.20/turn              x - +3 ring of evasion

@: hydra-form
A: very large, no armour, no weapons or thrown items, stealth, see invisible,
carnivore, clever 1, low mp 1, slow metabolism 1, wild magic 1
a: End Transformation, Channel Magic, Forget Spell, Divine Exegesis, Renounce
Religion


You were on level 2 of the Lair of Beasts.
You worshipped Sif Muna.
Sif Muna was greatly pleased with you.
You were full.
You were a six-headed hydra.
You visited 3 branches of the dungeon, and saw 15 of its levels.
You also visited: Gauntlet and Ice Cave.

You collected 2943 gold pieces.

Inventory:

Jewellery
 d - an uncursed ring of ice
 p - an amulet of faith (around neck)
 v - an uncursed ring of positive energy
 x - a +3 ring of evasion (right foreclaw)
 y - a ring of poison resistance (left foreclaw)
 A - an uncursed amulet of magic regeneration
Wands
 c - a wand of random effects (15)
 l - a wand of acid (4)
 s - a wand of digging (11)
 B - a wand of enslavement (4)
Scrolls
 g - a scroll of fog
 h - 5 scrolls of remove curse
 o - 2 scrolls of teleportation
 z - a scroll of identify
Potions
 a - a potion of stabbing
 e - 4 potions of heal wounds
 f - a potion of ambrosia
 i - 8 potions of curing
 j - 5 potions of brilliance
 k - a potion of berserk rage
 m - a potion of mutation
 n - a potion of magic {unknown}
 q - a potion of invisibility {unknown}
 r - 2 potions of resistance
 t - 2 potions of haste
 w - a potion of cancellation {unknown}
Comestibles
 b - 21 rations


   Skills:
 - Level 1.2 Fighting
 - Level 7.0 Dodging
 - Level 5.4 Stealth
 - Level 3.7 Unarmed Combat
 * Level 13.8 Spellcasting
 - Level 1.0 Conjurations
 * Level 9.0 Transmutations
 - Level 2.4 Fire Magic
 - Level 4.8 Air Magic
 - Level 2.3 Earth Magic
 - Level 8.3 Poison Magic


You had 7 spell levels left.
You knew the following spells:

 Your Spells              Type           Power        Failure   Level  Hunger
a - Sting                 Tmut/Pois      ####         1%          1    None
b - Poisonous Vapours     Pois/Air       ######       1%          2    None
c - Olgreb's Toxic Radia  Pois           ######..     2%          4    None
d - Ignite Poison         Fire/Tmut/Pois ######..     1%          3    None
e - Mephitic Cloud        Conj/Pois/Air  ######..     3%          3    None
f - Statue Form           Tmut/Erth      ######...    56%         6    #####..
g - Irradiate             Conj/Tmut      ######....   19%         5    ###....
h - Hydra Form            Tmut           ######....   21%         6    #####..

Your spell library contained the following spells:

 Spells                   Type           Power        Failure   Level  Hunger
 Magic Dart               Conj           ####         4%          1    None
 Searing Ray              Conj           ####..       6%          2    None
 Inner Flame              Hex/Fire       ####....     11%         3    None
 Dazzling Flash           Conj/Hex       ###...       13%         3    None
 Summon Guardian Golem    Hex/Summ       ###.....     16%         3    None
 Yara's Violent Unravell  Hex/Tmut       #####.....   22%         5    ###....
 Leda's Liquefaction      Hex/Erth       ####......   30%         4    None
 Fulminant Prism          Conj/Hex       ###.......   36%         4    None
 Iskenderun's Mystic Bla  Conj/Tloc      ###.....     36%         4    None
 Bolt of Magma            Conj/Fire/Erth ####......   50%         5    ###....
 Dragon Form              Tmut           ######....   67%         7    ######.
 Conjure Ball Lightning   Conj/Air       #####.....   90%         6    #####..
 Iron Shot                Conj/Erth      ####......   97%         6    #####..
 Discord                  Hex            ###.......   100%        8    #######
 Shatter                  Erth           #####.....   100%        9    #######


Dungeon Overview and Level Annotations

Branches:
Dungeon (12/15)            Temple (1/1) D:6            Lair (2/6) D:9
  IceCv (visited)         Gauntlet (visited)
  Swamp: Lair:2-4    Shoals: Lair:2-4     Snake: Lair:2-4    Spider: Lair:2-4
    Orc: D:9-12

Altars:
Cheibriados
Dithmenos
Elyvilon
Fedhas
Gozag
Hepliaklqana
Kikubaaqudgha
Makhleb
Okawaru
Qazlal
Ru
Sif Muna
Trog
Uskayaw
Vehumet
Wu Jian
Xom
Yredelemnul
Zin
The Shining One

Shops:
D:6 [

Annotations:
D:9 2 transporters, Tungsten's ghost, novice SpAs


Innate Abilities, Weirdness & Mutations

You cannot wear armour.
You are incapable of wielding weapons or throwing items.
Your paws allow you to move quietly. (Stealth)
((You have sharp claws.))
((You have razor-sharp teeth.))
You have supernaturally acute eyesight. (SInv)
You are carnivorous and can eat meat at any time.
((You cover ground quickly.))
((Your thick and shaggy fur keeps you warm. (AC +3, rC+)))
You have a slow metabolism.
((Your sharp claws are effective at attacking unaware monsters.))
Your mind is acute. (Int +2)
Your magical capacity is low. (-10% MP)
Your spells are a little harder to cast, but a little more powerful.


Message History

The puff of frost hits you. The ice dragon breathes frost at you.
The blast of cold misses you.
You hear an angry growl.
You hear a loud, deep croak!
The white imp sputters.
The white imp gestures at you. The puff of frost hits you.
You barely miss the ice beast.
The ice beast is heavily wounded.
The ice beast hits you but does no damage.
You bite the ice beast!
The ice beast is almost dead.
The ice beast hits you. The ice beast freezes you!
The white imp gestures at you. The puff of frost misses you.
The ice dragon breathes frost at you.
The blast of cold hits the white imp.
The white imp resists.
The blast of cold hits you!!!
Ouch! That really hurt!
You die...

....##......#......####....#F.
...#?.....#........## #.### #
...#.....#...#.##..# ##
#......#.†......#.##
#.........D........#
####.....#...#........#######
............##.8Y8.#...#..8.##
≈.⌠.....D#..#..5...÷.........#
≈≈..............D...#..+..<.8#
≈..≈.....#..#..........#.....#
≈≈≈#........#..8.8..#..##.8.##
.≈≈#.....##..#.....#..#####.#
≈.............÷÷......# #.##
≈.........##......##.## ###
≈..........#...#.....#
#......... # .###.....#


You could see an ice dragon, an ice beast and a white imp.

Vanquished Creatures
  Gastronok (D:9)
  Fannar (Lair:1)
  A hydra (D:9)
  4 two-headed ogres
  2 tengu warriors (D:11)
  A wizard (Gauntlet)
  An ugly thing (D:12)
  A cyclops (D:10)
  A moth of wrath (Gauntlet)
  2 ice statues (IceCv)
  A spiny frog (Lair:2)
  2 centaur skeletons (D:10)
  2 kobold demonologists (D:11)
  A komodo dragon (Lair:2)
  3 rime drakes
  4 trolls
  A hornet (D:8)
  6 hippogriffs
  2 blink frogs (Lair:2)
  2 dream sheep (D:9)
  A wraith (D:9)
  A vampire (D:10)
  Sigmund (D:4)
  6 yaks
  A basilisk (Lair:1)
  A wyvern (D:10)
  A vampire mosquito (D:10)
  3 water moccasins
  3 porcupines
  A hornet zombie (D:10)
  20 ice beasts
  2 black bears
  A necrophage (D:10)
  2 orc warriors
  3 ogres
  3 sky beasts
  5 wolves (Gauntlet)
  5 centaurs
  6 crocodiles
  8 big kobolds
  6 bullfrogs
  A scorpion (D:8)
  6 killer bees
  7 howler monkeys
  9 wights
  2 crimson imps
  A bullfrog zombie (D:10)
  2 quasits
  3 jellies
  3 orc priests
  5 hounds
  4 bullfrog skeletons
  9 orc wizards
  Jessica (D:3)
  5 iguanas
  Terence (D:2)
  8 worker ants
  3 hound zombies
  A worker ant zombie (D:9)
  A gnoll (D:4)
  12 adders
  5 shadow imps
  12 white imps (D:11)
  An adder zombie (D:6)
  2 adder skeletons
  3 worms
  12 leopard geckos
  35 orcs
  7 giant cockroaches
  6 hobgoblins
  4 jackals (D:1)
  2 quokkas
  3 ball pythons
  6 bats
  2 frilled lizards
  4 goblins
  14 kobolds
  2 leopard gecko skeletons
  3 quokka skeletons
  6 rats
332 creatures vanquished.

Vanquished Creatures (others)
  14 withered plants (Gauntlet)
14 creatures vanquished.

Grand Total: 346 creatures vanquished

Notes
Turn   | Place    | Note
-------+----------+-------------------------------------------
     0 | D:1      | Lugonue the Felid Venom Mage began the quest for the Orb.
     0 | D:1      | Reached XP level 1. HP: 7/7 MP: 4/4
   233 | D:1      | Reached XP level 2. HP: 10/11 MP: 4/6
   685 | D:1      | Learned a level 2 spell: Poisonous Vapours
   800 | D:2      | Noticed Terence
   820 | D:2      | Killed Terence
   820 | D:2      | Reached XP level 3. HP: 14/14 MP: 1/8
   969 | D:2      | Reached skill level 3 in Spellcasting
  1378 | D:2      | Found a faded altar of an unknown god.
  1425 | D:2      | Reached XP level 4. HP: 15/18 MP: 1/9
  2279 | D:3      | Noticed Jessica
  2283 | D:3      | Killed Jessica
  2283 | D:3      | Reached XP level 5. HP: 18/21 MP: 6/11
  2557 | D:3      | Learned a level 4 spell: Olgreb's Toxic Radiance
  2849 | D:4      | Found a glowing silver altar of Zin.
  2939 | D:4      | Noticed Sigmund
  2950 | D:4      | Killed Sigmund
  2950 | D:4      | Reached skill level 4 in Spellcasting
  2950 | D:4      | Gained mutation: You are covered in thick fur. (AC +2)
                  | [Felid growth]
  2950 | D:4      | Reached XP level 6. HP: 24/24 MP: 5/13
  3165 | D:4      | Found a sand-covered staircase.
  3327 | D:4      | Learned a level 3 spell: Ignite Poison
  3387 | D:4      | Learned a level 3 spell: Mephitic Cloud
  3472 | D:5      | Entered Level 5 of the Dungeon
  3472 | D:5      | Found an ornate altar of the Wu Jian Council.
  3477 | D:5      | Noticed an ice beast
  3490 | D:5      | Killed an ice beast
  3490 | D:5      | Reached XP level 7. HP: 10/27 MP: 0/15
  3701 | D:5      | Reached skill level 1 in Unarmed Combat
  3755 | D:5      | Reached skill level 5 in Spellcasting
  3804 | D:5      | Reached skill level 1 in Air Magic
  3804 | D:5      | Reached skill level 5 in Poison Magic
  4067 | D:5      | Found a stormy altar of Qazlal.
  4468 | D:5      | Found a blossoming altar of Fedhas.
  4472 | D:5      | Reached XP level 8. HP: 31/31 MP: 9/17
  4876 | D:5      | You fall into a shaft and drop 1 floor!
  4897 | D:6      | Reached skill level 6 in Spellcasting
  5121 | D:6      | Found Faok's Antique Armour Emporium.
  5741 | D:6      | Found a staircase to the Ecumenical Temple.
  5814 | Temple   | Entered the Ecumenical Temple
  5884 | Temple   | Became a worshipper of Sif Muna the Loreminder
  6031 | D:7      | Reached skill level 7 in Spellcasting
  6111 | D:7      | Reached skill level 1 in Fire Magic
  6162 | D:7      | Noticed a hippogriff
  6360 | D:7      | Identified a scroll of acquirement
  6369 | D:7      | Found a glowing golden altar of the Shining One.
  6399 | D:7      | Reached XP level 9. HP: 28/34 MP: 9/21
  6721 | D:7      | Noticed a +0 hand axe
  6722 | D:7      | Found a white marble altar of Elyvilon.
  6955 | D:7      | Found a hide-covered altar of Uskayaw.
  6958 | D:7      | Noticed a +0 dagger
  7237 | D:8      | Found a snail-covered altar of Cheibriados.
  7320 | D:8      | Noticed a troll
  7329 | D:8      | Killed a troll
  7329 | D:8      | Reached * piety under Sif Muna
  7329 | D:8      | Reached skill level 8 in Spellcasting
  8066 | D:9      | Found a transporter.
  8066 | D:9      | Noticed a troll
  8066 | D:9      | Noticed Tungsten's ghost (novice SpAs)
  8159 | D:9      | Found a staircase to the Lair.
  8161 | D:9      | Noticed a two-headed ogre
  8166 | D:9      | Killed a two-headed ogre
  8166 | D:9      | Reached skill level 9 in Spellcasting
  8166 | D:9      | Reached XP level 10. HP: 38/38 MP: 11/24
  8200 | D:9      | Found a transporter.
  8233 | D:9      | Noticed Gastronok
  8540 | D:9      | Reached ** piety under Sif Muna
  8740 | D:9      | Found an ancient bone altar of Kikubaaqudgha.
  8844 | D:9      | Learned a level 6 spell: Statue Form
  8863 | D:9      | Reached skill level 5 in Stealth
  9011 | D:9      | Noticed a two-headed hydra
  9018 | D:9      | Killed a two-headed hydra
  9018 | D:9      | Reached skill level 5 in Dodging
  9321 | D:9      | Killed Gastronok
  9321 | D:9      | Reached skill level 1 in Fighting
  9321 | D:9      | Reached skill level 10 in Spellcasting
  9650 | D:9      | Found a hazy altar of Hepliaklqana.
  9654 | D:9      | Found a radiant altar of Vehumet.
  9657 | D:9      | Found a bloodstained altar of Trog.
  9726 | D:10     | Entered Level 10 of the Dungeon
  9813 | D:9      | Reached XP level 11. HP: 14/42 MP: 9/26
 10005 | D:9      | Gained mutation: Your mind is acute. (Int +2) [potion of
                  | mutation]
 10005 | D:9      | Gained mutation: Your spells are a little harder to cast,
                  | but a little more powerful. [potion of mutation]
 10098 | D:10     | Noticed a two-headed ogre
 10103 | D:10     | Killed a two-headed ogre
 10103 | D:10     | Reached skill level 5 in Transmutations
 10263 | D:10     | Reached skill level 1 in Earth Magic
 10307 | D:10     | Learned a level 5 spell: Irradiate
 10615 | D:10     | Reached *** piety under Sif Muna
 10661 | D:10     | HP: 1/42 [hornet zombie (13)]
 11162 | Lair:1   | Entered Level 1 of the Lair of Beasts
 11162 | Lair:1   | Noticed Fannar
 11166 | Lair:1   | Killed Fannar
 11166 | Lair:1   | Reached skill level 1 in Conjurations
 11669 | Lair:1   | Learned a level 6 spell: Hydra Form
 12100 | Lair:1   | Reached skill level 11 in Spellcasting
 13616 | D:10     | Noticed a two-headed ogre
 13621 | D:10     | Killed a two-headed ogre
 13693 | D:10     | Reached skill level 12 in Spellcasting
 13804 | D:10     | Reached **** piety under Sif Muna
 13839 | D:10     | Gained mutation: Your thick and shaggy fur keeps you warm.
                  | (AC +3, rC+) [Felid growth]
 13839 | D:10     | Reached XP level 12. HP: 46/46 MP: 13/29
 14015 | D:11     | Found a gate leading to a gauntlet.
 14019 | Gauntlet | Entered a Gauntlet
 14019 | Gauntlet | Found a transporter.
 14030 | Gauntlet | Found a transporter.
 14032 | Gauntlet | Found a transporter.
 14055 | Gauntlet | Found a transporter.
 14072 | Gauntlet | Found a transporter.
 14106 | Gauntlet | Found a transporter.
 14129 | Gauntlet | Found a transporter.
 14153 | Gauntlet | Found a transporter.
 14159 | Gauntlet | Found a transporter.
 14160 | Gauntlet | Noticed a tengu warrior
 14177 | Gauntlet | Found a large runed translucent door.
 14178 | Gauntlet | Found a large runed translucent door.
 14179 | Gauntlet | Found a large runed translucent door.
 14179 | Gauntlet | Found a large runed translucent door.
 14179 | Gauntlet | Found a large runed translucent door.
 14180 | Gauntlet | Found a runed translucent door.
 14208 | Gauntlet | Found a large runed translucent door.
 14209 | Gauntlet | Found a large runed translucent door.
 14210 | Gauntlet | Found a runed translucent door.
 14210 | Gauntlet | Found a large runed translucent door.
 14210 | Gauntlet | Found a large runed translucent door.
 14211 | Gauntlet | Found a large runed translucent door.
 14212 | Gauntlet | Found a large runed translucent door.
 14212 | Gauntlet | Found a large runed translucent door.
 14213 | Gauntlet | Found a large runed translucent door.
 14213 | Gauntlet | Found a large runed translucent door.
 14213 | Gauntlet | Found a large runed translucent door.
 14213 | Gauntlet | Found a large runed translucent door.
 14217 | Gauntlet | Found a transporter.
 14249 | Gauntlet | Noticed a ghost crab
 14249 | Gauntlet | Found a transporter.
 14258 | Gauntlet | Found a transporter.
 14397 | Gauntlet | Noticed a minotaur
 14400 | Gauntlet | Hit by a silver javelin thrown by a minotaur
 14401 | Gauntlet | Reached XP level 11. HP: -4/42 MP: 22/28
 14441 | Gauntlet | Hit by a silver javelin thrown by a minotaur
 14442 | Gauntlet | Reached XP level 10. HP: 0/39 MP: 27/27
 14479 | D:11     | Found a frozen archway.
 14711 | IceCv    | Entered an ice cave
 15023 | IceCv    | Noticed an ice statue
 15023 | IceCv    | Noticed an ice statue
 15333 | IceCv    | Killed an ice statue
 15952 | IceCv    | Killed an ice statue
 15999 | IceCv    | Reached skill level 13 in Spellcasting
 16146 | IceCv    | Noticed an ice dragon
 16147 | IceCv    | Noticed an ice dragon
 16193 | IceCv    | Reached XP level 11. HP: 21/42 MP: 18/29
 16425 | D:11     | Noticed a tengu warrior
 16427 | D:11     | Noticed a tengu warrior
 16431 | D:11     | Killed a tengu warrior
 16431 | D:11     | Killed a tengu warrior
 16431 | D:11     | Reached ***** piety under Sif Muna
 16548 | D:11     | Identified Sif Muna's Papyrus of Floating Glamour (Sif Muna
                  | gifted it to you on level 11 of the Dungeon)
 16548 | D:11     | Received a gift from Sif Muna
 16738 | D:11     | Noticed a two-headed ogre
 16758 | D:11     | Killed a two-headed ogre
 16974 | D:11     | Gained mutation: Your magical capacity is low. (-10% MP)
                  | [mutagenic glow]
 17412 | D:12     | Noticed a purple ugly thing
 17417 | D:12     | Killed a purple ugly thing
 17821 | Lair:2   | Noticed an ice dragon
 17841 | Lair:2   | Killed from afar by an ice dragon

Levels and vault maps discovered:
D:1:      dpeg_arrival_line_fractal, layout_basic, minmay_misc_feat_cross
D:2:      layout_basic, chequers_ecumenical_altar_island, first_ration,
          uniq_terence
D:3:      layout_basic, uniq_jessica
D:4:      layout_cave_pools, marbit_many_paths, enter_ossuary_5,
          cheibrodos_gnoll_hut, uniq_sigmund
D:5:      minmay_clustersquares, layout_cave_pools, grunt_qazlal_clouds,
          nicolae_overflow_crystal_walls, kennysheep_mini, fedhas_altar_4
D:6:      layout_cave_pools, minmay_temple_entry_tees, serial_shops,
          kennysheep_little_box
D:7:      layout_basic, dancing_weapons_uskayaw, elyvilon_altar_5,
          lemuel_crystal_altar, chequers_serial_rivers_large_a
D:8:      layout_basic, cheibriados_altar_1
D:9:      layout_loops_corners, lemuel_crystal_altar,
          minmay_overflow_temple_star_quad, lair_entry_dummy,
          gammafunk_ghost_arena, minmay_variable_closet, hangedman_ranch
          [blue_anna_fruit_fields], uniq_gastronok
D:10:     minmay_quarter_circles, layout_irregular_city
D:11:     layout_stronghold, gauntlet_entry_generic, portal_ice_cave_entry_imps
D:12:     layout_rooms, orc_0_dummy
Temple:   compressed_dpeg_triangle_lava_temple
Lair:1:   layout_cave_pods, grunt_megastairs_1, uniq_fannar
Lair:2:   layout_cave_shapes, ice2_lemuel, grunt_megastairs_2, uniq_nergalle

Skill      XL: |  1  2  3  4  5  6  7  8  9 10 11 12 |
---------------+-------------------------------------+-----
Poison Magic   | 3 4 5 7 8 |  8.3
Spellcasting   | 3 4 5 7 9 13 12 | 13.8
Stealth        | 3 4 5 |  5.4
Transmutations | 2 3 4 8 9 7 |  9.0
Dodging        | 3 4 6 7 |  7.0
Unarmed Combat | 1 2 3 |  3.7
Air Magic      | 1 2 4 |  4.8
Fire Magic     | 1 2 |  2.4
Fighting       | 1 |  1.2
Earth Magic    | 2 |  2.3
Conjurations   | 1 |  1.0

Action                   |  1- 3 |  4- 6 |  7- 9 | 10-12 || total
-------------------------+-------+-------+-------+-------++-------
Melee: Unarmed           |    34 |    40 |   134 |   154 ||   362
       Bite              |     4 |     4 |    14 |    11 ||    33
       Punch             |       |       |       |     3 ||     3
 Cast: Sting             |    37 |    43 |    35 |    62 ||   177
       Poisonous Vapours |     1 |    18 |    77 |    85 ||   181
       Olgreb's Toxic Ra |       |     3 |    18 |    30 ||    51
       Ignite Poison     |       |     1 |    29 |    94 ||   124
       Mephitic Cloud    |       |       |    10 |    51 ||    61
       Hydra Form        |       |       |       |     8 ||     8
       Irradiate         |       |       |       |     1 ||     1
Invok: Channel Magic     |       |       |       |     2 ||     2
 Abil: End Transformatio |       |       |       |     4 ||     4
Evoke: Wand              |       |       |       |     7 ||     7
  Use: Potion            |       |     1 |       |     4 ||     5
       Scroll            |       |       |    13 |    15 ||    28
 Stab: Sleeping          |     6 |     7 |     3 |     5 ||    21
       Distracted        |       |       |     1 |       ||     1
  Eat: Chunk             |       |    12 |    13 |    16 ||    41
       Ration            |       |       |       |     3 ||     3
Armor: Skin              |     1 |     1 |     6 |    26 ||    34
Dodge: Dodged            |    50 |    64 |   145 |   270 ||   529

Table legend:
 A = Non-vault XP
 B = Vault XP
 C = Vault XP percentage of total XP
 D = Non-vault monster count
 E = Vault monster count
 F = Vault count percentage of total count
                 A         B        C        D         E       F
            +---------+---------+-------+---------+---------+-------
      Total |   17751 |   16640 |  48.4 |     238 |      94 |  28.3
            +---------+---------+-------+---------+---------+-------
        D:1 |      30 |       0 |   0.0 |      18 |       0 |   0.0
        D:2 |      59 |      36 |  37.9 |      16 |       1 |   5.9
        D:3 |      77 |      37 |  32.5 |      17 |       1 |   5.6
        D:4 |      98 |     308 |  75.9 |      12 |       5 |  29.4
        D:5 |     800 |     106 |  11.7 |      19 |       9 |  32.1
        D:6 |     807 |       0 |   0.0 |      23 |       0 |   0.0
        D:7 |    1079 |       0 |   0.0 |      25 |       0 |   0.0
        D:8 |    1588 |       0 |   0.0 |      27 |       0 |   0.0
        D:9 |    1354 |    4542 |  77.0 |      12 |       9 |  42.9
       D:10 |    3413 |    3442 |  50.2 |      26 |      21 |  44.7
       D:11 |    4955 |     121 |   2.4 |      26 |      12 |  31.6
       D:12 |     556 |       0 |   0.0 |       1 |       0 |   0.0
     Lair:1 |     825 |    1292 |  61.0 |       6 |       3 |  33.3
     Lair:2 |    2110 |    1471 |  41.1 |      10 |       7 |  41.2
      IceCv |       0 |    3477 | 100.0 |       0 |      18 | 100.0
   Gauntlet |       0 |    1808 | 100.0 |       0 |       8 | 100.0
            +---------+---------+-------+---------+---------+-------
